 Dungeon Crawl Stone Soup version 0.27-a0-417-g317cea8a3c (webtiles) character file.

Game seed: 1425297523395525561

61782 tilp the Fighter (level 15, -9/135 HPs)
             Began as an Octopode Transmuter on Feb 24, 2021.
             Was a High Priest of Okawaru.
             Mangled by an orc warrior
             ... wielding a +1 halberd of protection
             ... led by an orc knight
              (37 damage)
             ... on level 1 of the Orcish Mines on Feb 25, 2021.
             The game lasted 01:01:27 (26948 turns).

tilp the Fighter (Octopode Transmuter)             Turns: 26948, Time: 01:01:28

Health: -9/135     AC: 12    Str:  9    XL:     15   Next: 4%
Magic:  24/24      EV: 19    Int: 27    God:    Okawaru [*****.]
Gold:   722        SH:  0    Dex: 18    Spells: 7/26 levels left

rFire    . . .     SeeInvis +     - Unarmed
rCold    + + +     Faith    .   (shield currently unavailable)
rNeg     . . .     Spirit   .   (helmet currently unavailable)
rPois    +         Reflect  .   A - amulet of regeneration
rElec    +         Harm     .   r - ring of protection from fire
rCorr    .         Rampage  .   p - +6 ring of intelligence
Will     ++...                  B - ring of willpower
Stlth    ++++++....             G - +4 ring of protection
HPRegen  1.32/turn              L - ring of Celitaiff {rElec EV+4 Dex-2 Slay+4 Stlth+}
MPRegen  0.19/turn              u - ring of poison resistance
                                S - +6 ring of dexterity
                                H - ring of see invisible

@: ice-form
A: large, almost no armour, stealthy swim, amphibious, 8 rings, (constrict 8)
a: End Transformation, Renounce Religion, Heroism, Finesse


You were on level 1 of the Orcish Mines.
You worshipped Okawaru.
Okawaru was extremely pleased with you.
You were a creature of crystalline ice.
You visited 3 branches of the dungeon, and saw 20 of its levels.

You collected 1916 gold pieces.
You spent 1194 gold pieces at shops.

Inventory:

Missiles
 b - 108 poisoned darts (quivered)
 i - 45 boomerangs
 m - 8 javelins
 C - 3 throwing nets {!f}
 M - 2 silver javelins
 N - 17 curare-tipped darts
Armour
 I - a +3 buckler of cold resistance (melded)
 O - a +0 buckler of reflection
 T - a +1 hat (melded)
Jewellery
 e - a ring of wizardry
 o - an amulet of guardian spirit
 p - a +6 ring of intelligence (right front paw)
 r - a ring of protection from fire (left front paw)
 u - a ring of poison resistance (on tentacle)
 y - a ring of protection from cold
 A - an amulet of regeneration (around neck)
 B - a ring of willpower (on tentacle)
 G - a +4 ring of protection (on tentacle)
 H - a ring of see invisible (on tentacle)
 L - the ring of Celitaiff (on tentacle) {rElec EV+4 Dex-2 Slay+4 Stlth+}
   (You bought it in a shop on level 12 of the Dungeon)

   [ring of evasion]

   It affects your evasion (+4).
   It affects your dexterity (-2).
   It affects your accuracy and damage with ranged weapons and melee attacks
   (+4).
   It insulates you from electricity.
   It makes you more stealthy.
 P - a ring of willpower
 S - a +6 ring of dexterity (on tentacle)
Wands
 d - a wand of polymorph (7)
 f - a wand of flame (16)
 v - a wand of paralysis (3)
 J - a wand of iceblast (5)
Scrolls
 c - 2 scrolls of amnesia
 h - 2 scrolls of magic mapping
 j - 2 scrolls of blinking
 q - 2 scrolls of immolation
 w - a scroll of fog
 z - 4 scrolls of teleportation
 F - 9 scrolls of identify
Potions
 a - 8 potions of curing
 g - 4 potions of brilliance
 k - 4 potions of might
 l - 2 potions of attraction
 n - 4 potions of invisibility
 s - 8 potions of ambrosia
 t - a potion of heal wounds
 x - 3 potions of mutation
 D - 2 potions of flight
 Q - 2 potions of magic
 R - 2 potions of lignification
Miscellaneous
 K - a box of beasts (inert)


   Skills:
 - Level 14.0 Fighting
 - Level 8.0 Dodging
 - Level 10.0 Stealth
 - Level 4.0 Shields
 - Level 12.0 Unarmed Combat
 - Level 6.0 Spellcasting
 - Level 10.0 Transmutations
 - Level 4.0 Ice Magic
 - Level 4.0 Poison Magic
 + Level 10.9 Invocations
 - Level 8.0 Evocations


You had 7 spell levels left.
You knew the following spells:

 Your Spells              Type           Power        Failure   Level
a - Beastly Appendage     Tmut           100%         1%          1
b - Wereblood             Tmut           58%          1%          2
c - Spider Form           Tmut/Pois      22%          1%          3
d - Ice Form              Ice/Tmut       45%          3%          4
e - Blade Hands           Tmut           29%          3%          5
f - Magic Dart            Conj           32%          6%          1
g - Swiftness             Air            8%           10%         2
h - Apportation           Tloc           16%          6%          1

Your spell library contained the following spells:

 Spells                   Type           Power        Failure   Level
 Passwall                 Tmut/Erth      29%          1%          2
 Animate Skeleton         Necr           16%          6%          1
 Corona                   Hex            8%           6%          1
 Foxfire                  Conj/Fire      32%          6%          1
 Sandblast                Erth           16%          6%          1
 Shock                    Conj/Air       32%          6%          1
 Summon Small Mammal      Summ           32%          6%          1
 Petrify                  Tmut/Erth      35%          9%          4
 Call Imp                 Summ           8%           10%         2
 Searing Ray              Conj           16%          10%         2
 Call Canine Familiar     Summ           8%           19%         3
 Conjure Flame            Conj/Fire      8%           19%         3
 Dazzling Flash           Conj/Hex       16%          19%         3
 Inner Flame              Hex/Fire       8%           19%         3
 Static Discharge         Conj/Air       8%           19%         3
 Stone Arrow              Conj/Erth      16%          19%         3
 Summon Guardian Golem    Hex/Summ       8%           19%         3
 Summon Ice Beast         Ice/Summ       18%          28%         4
 Airstrike                Air            4%           54%         4
 Fulminant Prism          Conj/Hex       4%           54%         4
 Iskenderun's Mystic Bla  Conj/Tloc      8%           54%         4
 Sticky Flame             Conj/Fire      8%           54%         4
 Summon Lightning Spire   Summ/Air       8%           54%         4
 Fireball                 Conj/Fire      4%           87%         5
 Lee's Rapid Deconstruct  Erth           4%           87%         5
 Lightning Bolt           Conj/Air       4%           87%         5


Dungeon Overview and Level Annotations

Branches:
Dungeon (12/15)            Temple (0/1) D:6            Lair (6/6) D:8
 Shoals (0/4) Lair:2        Snake (0/4) Lair:4        Slime (0/5) Lair:5
    Orc (2/2) D:12            Elf (0/3) Orc:2

Altars:
Dithmenos
Elyvilon
Gozag
Okawaru
Qazlal
Trog
Vehumet
Wu Jian
Yredelemnul
Zin
The Shining One
Jiyva

Shops:
D:7 =   D:11 :   D:12 *==

Annotations:
D:8 boulder beetle!
Lair:1 exclusion: 2 oklob plants


Innate Abilities, Weirdness & Mutations

You cannot wear most types of armour.
You are very stealthy in the water. (Stealth+)
You are amphibious.
You can wear up to eight rings at the same time.
((You can use your tentacles to constrict eight enemies at once.))
((Your skin changes colour to match your surroundings (Stealth+).))
((Your rubbery body absorbs attacks. (AC +1, EV +1)))


Message History

You are too injured to fight recklessly!
Unknown command.
You are too injured to fight recklessly!
You are too injured to fight recklessly!
You punch the orc knight! You freeze the orc knight.
The orc knight is severely wounded.
Your primal bloodlust is almost over.
The orc warrior closely misses you.
You pummel the orc knight!! You freeze the orc knight.
The orc knight is almost dead.
The orc warrior hits you with a +0 glaive!!
* * * LOW HITPOINT WARNING * * *
The orc knight completely misses you.
Unknown command.
You pummel the orc knight!! You freeze the orc knight.
You kill the orc knight!
Okawaru accepts your kill. The orc warrior barely misses you.
Unknown command.
The orc warrior hits you from afar with a +0 glaive!!
* * * LOW HITPOINT WARNING * * *
The orc warrior misses you.
The orc shoots a bolt.
The bolt misses you. The orc warrior misses you.
There is a stone staircase leading up here.
Unknown command.
The orc warrior closely misses you.
The orc shoots a bolt.
The bolt barely misses you. The orc warrior closely misses you.
You climb upwards.
Your primal bloodlust has ended.
There is a stone staircase leading down, spattered with blood here.
Items here: )) [[.
Unknown command.
You barely miss the orc warrior.
You hit the orc warrior but do no damage.
The orc warrior hits you with a +1 halberd of protection!
* * * LOW HITPOINT WARNING * * *
You hit the orc warrior but do no damage.
You hit the orc warrior but do no damage.
The orc warrior hits you with a +1 halberd of protection!!!
You die...

##.## ##.##...#
#...###...##.##
###...#.##...#..##
##................##
#..................#
########............##...##
##.##.#.###..........#.#...#
#........##.)[[............###
##.##.......(Yo.........#....#
####.........)..........#....
#........#...........####.#
##.#.................##.###
#.......#............#..)#
##......#................#
##...............#...#.##
####.#...........###.^###
##.#............### #...#


You could see an orc warrior (strong).

Vanquished Creatures
  An orc warlord (Orc:2)
  A fire dragon (Lair:6)
  Harold (D:8)
  2 boulder beetles
  7 hydras
  2 catoblepae (Lair:3)
  2 two-headed ogres (Orc:1)
  A death yak (Lair:3)
  Urug (Lair:5)
  Sonja (Lair:1)
  A skeletal warrior (D:9)
  An unseen horror (D:12)
  2 orc knights
  A deep elf pyromancer (D:12)
  A lindwurm (Lair:6)
  An ugly thing (D:12)
  An orc sorcerer (Orc:1)
  A manticore (Lair:2)
  6 black mambas
  8 elephants
  2 molten gargoyles (Lair:6)
  2 gargoyles (D:12)
  13 komodo dragons
  13 cane toads
  4 rime drakes
  3 trolls
  A queen bee (Lair:3)
  A polar bear (Lair:6)
  A wind drake (Lair:2)
  24 blink frogs
  A dream sheep (Lair:3)
  A shadow (D:12)
  8 wyverns
  43 yaks
  8 basilisks
  4 steam dragons
  4 vampire mosquitoes (D:12)
  5 nagas (Lair:4)
  Duvessa (D:7)
  14 water moccasins
  5 hell hounds (Lair:6)
  2 black bears (D:8)
  2 ice beasts (D:7)
  17 orc warriors
  4 sky beasts
  10 ogres
  13 wolves
  4 centaurs
  2 phantoms
  27 bullfrogs
  A kobold brigand (D:10)
  2 wyvern zombies
  Dowan (D:7)
  4 scorpions
  41 killer bees
  7 howler monkeys
  15 wights
  7 electric eels
  5 lava snakes (Lair:6)
  A bullfrog zombie (D:9)
  A centaur zombie (D:7)
  4 hounds
  11 orc priests
  3 jellies
  4 bullfrog skeletons
  2 centaur skeletons
  2 iguanas
  25 orc wizards
  16 worker ants
  A hound zombie (D:9)
  A hound skeleton (D:8)
  A worker ant zombie (D:11)
  A gnoll (D:1)
  18 adders
  A shadow imp (D:8)
  2 white imps
  An ufetubus (D:7)
  An ooze (D:2)
  5 adder skeletons
  6 worms
  9 leopard geckos
  71 orcs
  4 giant cockroaches
  11 hobgoblins
  10 jackals
  9 kobolds
  3 quokkas
  A ball python (D:3)
  5 bats
  11 frilled lizards
  10 goblins
  A leopard gecko zombie (D:6)
  7 rats
623 creatures vanquished.

Vanquished Creatures (collateral kills)
  A hydra (Lair:1)
  A yak (Lair:5)
  An orc warrior (Orc:1)
3 creatures vanquished.

Vanquished Creatures (others)
  A komodo dragon (Lair:6)
  An orc wizard (Orc:2)
  2 bushes (Lair:6)
  43 fungi
  47 plants
94 creatures vanquished.

Grand Total: 720 creatures vanquished

Notes
Turn   | Place    | Note
-------+----------+-------------------------------------------
     0 | D:1      | tilp the Octopode Transmuter began the quest for the Orb.
     0 | D:1      | Reached XP level 1. HP: 13/13 MP: 3/3
    27 | D:1      | Reached XP level 2. HP: 2/18 MP: 3/5
   283 | D:1      | Learned a level 2 spell: Wereblood
   655 | D:1      | Reached XP level 3. HP: 23/23 MP: 6/6
  1355 | D:2      | Learned a level 3 spell: Spider Form
  1926 | D:2      | Reached XP level 4. HP: 16/29 MP: 7/7
  3019 | D:3      | Reached skill level 2 in Fighting
  3019 | D:3      | Reached skill level 1 in Shields
  3629 | D:3      | Reached XP level 5. HP: 34/34 MP: 6/8
  3805 | D:3      | Found a bloodstained altar of Trog.
  3805 | D:3      | Found an iron altar of Okawaru.
  3805 | D:3      | Found a radiant altar of Vehumet.
  4118 | D:4      | Noticed an ogre
  4140 | D:4      | Killed an ogre
  4141 | D:4      | Reached skill level 3 in Fighting
  4149 | D:4      | Reached XP level 6. HP: 13/42 MP: 4/9
  4468 | D:3      | Became a worshipper of Warmaster Okawaru
  5016 | D:4      | Reached skill level 4 in Fighting
  5016 | D:4      | Reached skill level 5 in Unarmed Combat
  5302 | D:4      | Reached XP level 7. HP: 48/48 MP: 8/10
  5702 | D:3      | Found a glowing silver altar of Zin.
  5759 | D:5      | Entered Level 5 of the Dungeon
  5767 | D:5      | Reached * piety under Okawaru
  6000 | D:5      | You fall into a shaft and drop 1 floor!
  6023 | D:6      | Reached skill level 1 in Poison Magic
  6912 | D:5      | Reached XP level 8. HP: 5/54 MP: 1/11
  7793 | D:6      | Reached skill level 1 in Invocations
  7954 | D:6      | Reached ** piety under Okawaru
  8220 | D:6      | Found a staircase to the Ecumenical Temple.
  8690 | D:7      | Found a stormy altar of Qazlal.
  8879 | D:7      | Learned a level 4 spell: Ice Form
  8896 | D:7      | Reached XP level 9. HP: 45/60 MP: 7/12
  8994 | D:7      | Reached skill level 5 in Fighting
  9385 | D:7      | Found Puwef's Jewellery Shop.
 10098 | D:7      | Found a basalt altar of Yredelemnul.
 10101 | D:7      | Found an ornate altar of the Wu Jian Council.
 10104 | D:7      | Found a white marble altar of Elyvilon.
 10138 | D:7      | Found a glowing golden altar of the Shining One.
 10138 | D:7      | Noticed Duvessa
 10138 | D:7      | Noticed Dowan
 10427 | D:8      | Noticed a boulder beetle
 10517 | D:7      | Reached *** piety under Okawaru
 10966 | D:8      | Reached skill level 6 in Fighting
 10966 | D:8      | Reached skill level 1 in Ice Magic
 11026 | D:8      | Reached skill level 5 in Dodging
 11085 | D:8      | Identified the +1 glaive "Giantbane" {vorpal, Will- Int+5
                  | SInv}
 11085 | D:8      | Noticed Harold
 11098 | D:8      | Killed Harold
 11099 | D:8      | Reached XP level 10. HP: 68/68 MP: 4/13
 11610 | D:8      | Found a staircase to the Lair.
 11846 | D:8      | Reached **** piety under Okawaru
 12067 | D:9      | Reached skill level 5 in Transmutations
 12225 | D:9      | Found a shadowy altar of Dithmenos.
 12339 | D:7      | Bought a +4 ring of protection for 504 gold pieces
 12657 | D:9      | Reached skill level 7 in Fighting
 12797 | D:9      | Noticed a skeletal warrior
 12802 | D:9      | Reached ***** piety under Okawaru
 12803 | D:9      | Reached skill level 8 in Fighting
 12947 | D:9      | Reached skill level 9 in Fighting
 12970 | D:9      | Received a gift from Okawaru
 12971 | D:9      | Reached skill level 10 in Fighting
 12971 | D:9      | Reached XP level 11. HP: 21/81 MP: 13/17
 13231 | D:9      | Killed a skeletal warrior
 13232 | D:9      | Reached skill level 11 in Fighting
 13498 | D:9      | Upgraded the game from 0.27-a0-414-gbb19ded6d3 to
                  | 0.27-a0-417-g317cea8a3c
 13528 | D:10     | Entered Level 10 of the Dungeon
 13706 | D:10     | Reached skill level 12 in Fighting
 14279 | D:11     | Found an opulent altar of Gozag.
 14620 | D:11     | Found Bunad's Book Shoppe.
 14820 | D:11     | Reached skill level 13 in Fighting
 14954 | D:11     | Learned a level 5 spell: Blade Hands
 14956 | D:11     | Learned a level 1 spell: Magic Dart
 14959 | D:11     | Learned a level 2 spell: Swiftness
 15047 | Lair:1   | Entered Level 1 of the Lair of Beasts
 15047 | Lair:1   | Noticed Sonja
 15054 | Lair:1   | Killed Sonja
 15349 | Lair:1   | Reached skill level 5 in Invocations
 15349 | Lair:1   | Reached skill level 5 in Evocations
 15455 | Lair:1   | Noticed an eight-headed hydra
 15576 | Lair:1   | Killed an eight-headed hydra
 15576 | Lair:1   | Identified a translucent triple sword {god gift} (Okawaru
                  | gifted it to you on level 1 of the Lair of Beasts)
 15576 | Lair:1   | Received a gift from Okawaru
 15616 | Lair:1   | Reached XP level 12. HP: 63/94 MP: 18/18
 16275 | Lair:2   | Found a staircase to the Shoals.
 17008 | D:7      | Bought a ring of see invisible for 210 gold pieces
 17078 | Lair:3   | Noticed a four-headed hydra
 17078 | Lair:3   | Noticed a catoblepas
 17110 | Lair:3   | Noticed a boulder beetle
 17125 | Lair:3   | Killed a boulder beetle
 17126 | Lair:3   | Received a gift from Okawaru
 17127 | Lair:3   | Reached skill level 5 in Stealth
 17205 | Lair:3   | Noticed a catoblepas
 17874 | Lair:3   | Received a gift from Okawaru
 18162 | Lair:3   | Killed a four-headed hydra
 18250 | Lair:3   | Killed a catoblepas
 18251 | Lair:3   | Reached skill level 10 in Unarmed Combat
 18311 | Lair:3   | Reached XP level 13. HP: 99/99 MP: 14/19
 18405 | Lair:3   | You fall into a shaft and drop 2 floors!
 18884 | Lair:3   | Reached skill level 14 in Fighting
 19181 | Lair:3   | Received a gift from Okawaru
 19483 | Lair:4   | Found a bloodstained altar of Trog.
 20090 | Lair:4   | Found a staircase to the Snake Pit.
 20619 | Lair:5   | Noticed Urug
 20629 | Lair:5   | Killed Urug
 20991 | Lair:5   | Identified a fine hat
 21064 | Lair:5   | Learned a level 1 spell: Apportation
 21195 | Lair:5   | Found a viscous altar of Jiyva.
 21195 | Lair:5   | Found a staircase to the Slime Pits.
 21233 | Lair:5   | Reached skill level 5 in Spellcasting
 21562 | Lair:6   | Entered Level 6 of the Lair of Beasts
 21755 | Lair:6   | Reached ****** piety under Okawaru
 21755 | Lair:6   | Received a gift from Okawaru
 21764 | Lair:6   | Reached XP level 14. HP: 96/108 MP: 18/22
 22300 | Lair:6   | Reached skill level 10 in Transmutations
 22516 | Lair:6   | Found a large runed translucent door.
 22518 | Lair:6   | Found a large runed translucent door.
 24142 | D:7      | Bought a ring of protection from fire for 350 gold pieces
 24667 | D:7      | Killed Duvessa
 24668 | D:7      | Killed Dowan
 24886 | D:12     | Found a staircase to the Orcish Mines.
 25068 | D:12     | Found Qiboc's Jewellery Shoppe.
 25195 | D:12     | Found Hyteghuj's Assorted Antiques.
 25220 | D:12     | Bought a scorched turquoise ring for 130 gold pieces
 25220 | D:12     | Identified the ring of Celitaiff {rElec EV+4 Dex-2 Slay+4
                  | Stlth+} (You bought it in a shop on level 12 of the
                  | Dungeon)
 25277 | D:12     | Found Ysiosio's Jewellery Shoppe.
 25354 | D:12     | Identified a warped mace
 25391 | D:12     | Received a gift from Okawaru
 25864 | Orc:1    | Entered Level 1 of the Orcish Mines
 26089 | Orc:2    | Entered Level 2 of the Orcish Mines
 26089 | Orc:2    | Found a staircase to the Elven Halls.
 26092 | Orc:2    | Noticed an orc warlord
 26584 | Orc:1    | Reached skill level 10 in Invocations
 26650 | Orc:2    | Killed an orc warlord
 26651 | Orc:2    | Reached skill level 10 in Stealth
 26808 | Orc:1    | Reached XP level 15. HP: 37/113 MP: 24/24
 26948 | Orc:1    | Mangled by an orc warrior

Illustrated notes

Levels and vault maps discovered:
D:1:      erik_arrival_triangle_medium, layout_loops_cross, patterned_corridor
D:2:      layout_loops_ring
D:3:      lemuel_upstairs_altar, layout_basic, gammafunk_temple_overflow_claw,
          minmay_pentangle
D:4:      layout_loops_ring
D:5:      layout_basic
D:6:      layout_basic, minmay_temple_entry_antechambers
D:7:      layout_rooms, grunt_temple_overflow_cloverleaf, lemuel_round_altar,
          serial_shops, shop, kennysheep_opposing_triangles, uniq_duvessa
D:8:      layout_basic, grunt_lair_entry_orc_guard_hut, uniq_harold
D:9:      layout_irregular_city, old_standard_altar, serial_bayou,
          serial_bayou_ford_a, serial_bayou_pond_e, serial_bayou_crossing,
          serial_bayou_pond_e, serial_bayou_pond_b, serial_bayou_lake_a
D:10:     layout_gridville, minmay_misc_feat_enclosed
D:11:     layout_basic, serial_shops, nicolae_shop_trees,
          nicolae_gozag_cash_rules_everything_around_me
D:12:     layout_long_grid, orc_0_dummy, serial_shops, shop,
          nicolae_shop_temple_entry_statues_fountains, shop_fountains,
          wad_dig_loot
Lair:1:   layout_misc_corridors, minmay_lair_oklob_chamber, grunt_megastairs_2,
          infiniplex_staircase_pool, uniq_sonja
Lair:2:   layout_gridlike, minmay_shoals_entry_beasts
Lair:3:   nzn_winding_woodlands_stair_cross [nzn_winding_woodlands_5x15_garden,
          nzn_winding_woodlands_center_lodge,
          nzn_winding_woodlands_5x15_crooked,
          nzn_winding_woodlands_5x5_closed_star,
          nzn_winding_woodlands_5x5_default, nzn_winding_woodlands_5x15_cabin,
          nzn_winding_woodlands_center_pierced_h,
          nzn_winding_woodlands_5x15_sidewinder], layout_cave_pods, special_room
          [special_room_bee]
Lair:4:   layout_layer_cave, minmay_snake_entry_guardpost_large, basic_altar,
          serial_bayou_shore_b, serial_bayou_shore_a
Lair:5:   layout_small_grid, dpeg_slime_entry_enclosed_altar,
          serial_bayou_shore_b, uniq_urug
Lair:6:   cheibrodos_lair_end_hotspot, layout_cellular_growth, st_stairs_7
Orc:1:    layout_caves, serial_shops, shop
Orc:2:    st_orc_rangers, layout_caves

Skill      XL: |  1  2  3  4  5  6  7  8  9 10 11 12 13 14 |
---------------+-------------------------------------------+-----
Stealth        | 2 3 4 6 10 | 10.0
Fighting       | 2 3 4 6 10 13 14 | 14.0
Shields        | 1 2 3 4 |  4.0
Unarmed Combat | 4 5 6 8 10 12 | 12.0
Poison Magic   | 2 4 |  4.0
Transmutations | 3 4 6 7 8 10 | 10.0
Invocations    | 4 6 8 10 | 10.9
Dodging        | 3 6 8 |  8.0
Ice Magic      | 2 4 |  4.0
Evocations     | 3 4 6 8 |  8.0
Spellcasting   | 4 5 6 |  6.0

Action                   |  1- 3 |  4- 6 |  7- 9 | 10-12 | 13-15 || total
-------------------------+-------+-------+-------+-------+-------++-------
Melee: Unarmed           |    83 |   132 |   339 |   659 |   719 ||  1932
       Kick              |     2 |    11 |    30 |     1 |       ||    44
       Constrict         |    22 |    34 |    47 |    10 |     8 ||   121
       Tentacles         |    15 |    25 |    32 |     6 |    13 ||    91
       Punch             |     1 |     4 |     7 |     1 |     8 ||    21
Throw: Dart              |       |    12 |    35 |       |       ||    47
       Boomerang         |       |       |     2 |     2 |     1 ||     5
 Cast: Beastly Appendage |     1 |    14 |    19 |     2 |       ||    36
       Wereblood         |       |     2 |     7 |    25 |    28 ||    62
       Spider Form       |       |       |    11 |     9 |    10 ||    30
       Ice Form          |       |       |     7 |    49 |    53 ||   109
       Blade Hands       |       |       |       |       |     4 ||     4
Invok: Heroism           |       |       |       |     5 |    15 ||    20
       Finesse           |       |       |       |       |     3 ||     3
Evoke: Wand              |       |       |     3 |    12 |     7 ||    22
       Box of beasts     |       |       |       |     1 |     3 ||     4
  Use: Scroll            |       |     5 |    11 |    12 |    10 ||    38
       Potion            |       |       |     4 |     4 |     3 ||    11
 Stab: Sleeping          |    18 |     7 |     9 |    17 |    11 ||    62
       Distracted        |     1 |     1 |       |     1 |     2 ||     5
       Paralysed         |       |       |     4 |     2 |       ||     6
Armor: Skin              |     1 |     9 |    26 |   138 |   122 ||   296
Dodge: Dodged            |    23 |    59 |   218 |   454 |   600 ||  1354
Block: Buckler           |       |    15 |    45 |    17 |     7 ||    84

Table legend: (Time is in decaauts)
 A = Elapsed time spent in this place.
 B = Non-inter-level travel time spent in this place.
 C = Inter-level travel time spent in this place.
 D = Time resting spent in this place.
 E = Time spent auto-exploring this place.
 F = Levels seen in this place.
 G = Mean time per level.
                   A        B        C        D        E       F      G
               +--------+--------+--------+--------+--------+-----+--------+
         Total |  26650 |  24772 |   1878 |   5923 |  14117 |  20 | 1332.5 |
       Dungeon |  16621 |  15642 |    979 |   4285 |   8495 |  12 | 1385.1 |
          Lair |   8974 |   8110 |    864 |   1350 |   5177 |   6 | 1495.7 |
  Orcish Mines |   1055 |   1021 |     34 |    288 |    445 |   2 |  527.5 |
               +--------+--------+--------+--------+--------+-----+--------+

Top non-repeatable levels by time:
  Lair:6: 2557 daAuts
  Lair:3: 2178 daAuts
     D:6: 2030 daAuts
     D:3: 1919 daAuts
     D:7: 1799 daAuts
     D:8: 1612 daAuts
     D:9: 1605 daAuts
     D:1: 1340 daAuts
  Lair:4: 1324 daAuts
     D:4: 1301 daAuts
     D:5: 1271 daAuts
     D:2: 1186 daAuts
    D:12: 1052 daAuts
  Lair:5: 1046 daAuts
  Lair:1: 1013 daAuts
